 Dungeon Crawl Stone Soup version 0.21-a0-584-g185da8e (webtiles) character file.

60 vishdafish the Charmwright (level 3, 0/27 HPs)
             Began as a Demonspawn Skald on Dec 20, 2017.
             Slain by an orc
             ... wielding a +1 whip of electrocution
              (9 damage)
             ... on level 2 of the Dungeon.
             The game lasted 00:02:15 (1726 turns).

vishdafish the Charmwright (Demonspawn Skald)       Turns: 1726, Time: 00:02:16

Health: 0/27       AC:  5    Str: 11    XL:     3   Next: 80%
Magic:  6/6        EV: 12    Int: 15    God:
Gold:   57         SH:  0    Dex: 12    Spells: 5/6 levels left

rFire    . . .     SeeInvis .   a - +0 spear
rCold    . . .     Gourm    .   (no shield)
rNeg     . . .     Faith    .   b - +0 leather armour
rPois    .         Spirit   .   (no helmet)
rElec    .         Reflect  .   (no cloak)
rCorr    .         Harm     .   (no gloves)
MR       .....                  h - +1 pair of boots
Stlth    +.........             (no amulet)
HPRegen  0.09/turn              (no ring)
MPRegen  0.10/turn              (no ring)

@: hasted, very quick
A: spiny 1
a: no special abilities


You were on level 2 of the Dungeon.
You were hungry.

You visited 1 branch of the dungeon, and saw 2 of its levels.

You collected 57 gold pieces.

Inventory:

Hand Weapons
 a - a +0 spear (weapon)
Missiles
 g - 4 tomahawks (quivered)
Armour
 b - a +0 leather armour (worn)
 h - a +1 pair of boots (worn)
Scrolls
 f - a scroll of amnesia {unknown}
 i - 2 scrolls of identify {unknown}
 j - a scroll of teleportation {unknown}
 k - a scroll of enchant armour {unknown}
Books
 c - a book of Battle

   Spells                             Type                      Level
   a - Infusion                       Charms                       1
   b - Shroud of Golubria             Charms/Translocation         2
   c - Song of Slaying                Charms                       2
   d - Spectral Weapon                Hexes/Charms                 3
   e - Regeneration                   Charms/Necromancy            3
Comestibles
 d - a ration


   Skills:
 - Level 2.0 Fighting
 * Level 2.7 Polearms
 - Level 1.5 Armour
 + Level 2.3 Dodging
 + Level 2.0 Spellcasting
 - Level 3.0 Charms


You had 5 spell levels left.
You knew the following spells:

 Your Spells              Type           Power        Failure   Level  Hunger
a - Infusion              Chrm           ##..         9%          1    #......


Dungeon Overview and Level Annotations

Branches:
Dungeon (2/15)

Altars:
Qazlal


Innate Abilities, Weirdness & Mutations

You are partially covered in sharp spines.


Message History

The quokka is struck by your spines.
You kill the quokka!
The orc is struck by your spines.
You kill the orc!
The orc barely misses you. The orc is struck by your spines.
The orc misses you. The orc closely misses you.
The orc is struck by your spines.
The orc hits you with a whip of electrocution.
You are electrocuted!
The rat closely misses you.
Evoke which item? (* to show all) (? for menu, Esc to quit)
Okay, then.
Okay, then.
It was a potion of haste.
You feel yourself speed up. The orc is struck by your spines.
The orc closely misses you.
You hit the orc but do no damage.
The orc is severely wounded.
The orc hits you with a whip of electrocution.
You are electrocuted!
You die...

#########.#
#......# #.#
######## #.# .#.#
#.# .#.#### #.#
.#....$ #.#
....... #.#
.......
#.########.......
#....@ooo.).(#
#######r..####
#...# #.$.# #...#
#.... #.....
#...... #..(...#


You could see 3 orcs and a rat.

Vanquished Creatures
  An adder (D:1)
  An ooze (D:1)
  2 dart slugs
  2 orcs (D:2)
  6 bats
  7 goblins
  4 hobgoblins
  6 kobolds
  A quokka (D:2)
  A ball python (D:2)
  3 frilled lizards (D:1)
  5 rats
39 creatures vanquished.

Notes
Turn   | Place    | Note
-------+----------+-------------------------------------------
     0 | D:1      | vishdafish the Demonspawn Skald began the quest for the Orb.
     0 | D:1      | Reached XP level 1. HP: 16/16 MP: 3/3
    29 | D:1      | Reached skill level 1 in Armour
   319 | D:1      | Gained mutation: You are partially covered in sharp spines. [demonic ancestry]
   319 | D:1      | Reached XP level 2. HP: 17/22 MP: 1/5
   840 | D:1      | Reached XP level 3. HP: 22/27 MP: 6/6
  1014 | D:1      | Reached skill level 3 in Charms
  1500 | D:2      | Found a stormy altar of Qazlal.
  1726 | D:2      | Slain by an orc

Vault maps used:
D:1:      sevenhm_arrival_forest_fort_small_6
D:2:      grunt_qazlal_sundering, grunt_ministairs_1, minmay_misc_feat_columns

Skill      XL: |  1  2  3 |
---------------+----------+-----
Armour         | 1 |  1.5
Polearms       | 2 |  2.7
Dodging        | 2 |  2.3
Charms         | 3 |  3.0
Fighting       | |  2.0
Spellcasting   | |  2.0

Action                   || total
-------------------------++-------
Melee: Spear             ||   122
Throw: Tomahawk          ||     3
 Cast: Infusion          ||     2
  Use: Potion            ||     1
  Eat: Chunk             ||     2
Armor: Leather armour    ||    26
Dodge: Dodged            ||    64

Table legend:
 A = Spawn XP
 B = Non-spawn XP
 C = Spawn XP percentage of total XP
 D = Spawn monster count
 E = Non-spawn monster count
 F = Spawn count percentage of total count
 G = Total turns spent on level
                    A         B        C        D         E        F      G
               +---------+---------+-------+---------+---------+-------+---------
         Total |       0 |      86 |   0.0 |       0 |      39 |   0.0 |  1726
               +---------+---------+-------+---------+---------+-------+---------
           D:1 |       0 |      57 |   0.0 |       0 |      24 |   0.0 |  1093
           D:2 |       0 |      29 |   0.0 |       0 |      15 |   0.0 |   633
               +---------+---------+-------+---------+---------+-------+---------
